 Dungeon Sprint DCSS version 0.27-a0-1219-g958d993ae5 (webtiles) character file.

Game seed: 6408215063164547619

3516 mhtbhm the Eclecticist (level 9, -8/47 HPs)
             Began as a Deep Elf Earth Elementalist on June 6, 2021.
             Was the Champion of Vehumet.
             Mangled by an orc knight
             ... wielding a +0 great sword
              (16 damage)
             ... in the Dungeon (Sprint VII: "The Pits").
             The game lasted 00:04:11 (1800 turns).

mhtbhm the Eclecticist (DEEE)                       Turns: 1800, Time: 00:04:13

Health: -8/47      AC:  3    Str:  5    XL:     9   Next: 81%
Magic:  2/33       EV: 15    Int: 24    God:    Vehumet [******]
Gold:   0          SH:  0    Dex: 15    Spells: 31/45 levels left

rFire    . . .     SeeInvis .   a - +2 rapier (elec)
rCold    . . .     Faith    .   (no shield)
rNeg     . . .     Spirit   .   c - +0 robe
rPois    .         Reflect  .   (no helmet)
rElec    .         Harm     .   q - +0 cloak
rCorr    .         Rampage  .   (no gloves)
Will     .....     NoTele   +   (no boots)
Stlth    +++.......             (no amulet)
HPRegen  0.15/turn              (no ring)
MPRegen  0.23/turn              (no ring)

@: no status effects
A: no striking features
a: Renounce Religion


You were in the Dungeon.
You worshipped Vehumet.
Vehumet was exalted by your worship.
You visited 1 branch

Inventory:

Hand Weapons
 a - a +2 rapier of electrocution (weapon)
Missiles
 b - 11 stones
Armour
 c - a +0 robe (worn)
 q - a +0 cloak (worn)
Jewellery
 m - a +3 ring of protection
 n - a +3 ring of evasion
Scrolls
 i - a scroll of blinking
 j - 5 scrolls of amnesia
 k - a scroll of summoning
Potions
 d - 7 potions of curing
 e - 10 potions of heal wounds
 f - 2 potions of haste
 g - 3 potions of magic
 h - 3 potions of berserk rage
 l - 2 potions of invisibility
 o - a potion of might
 p - a potion of brilliance


   Skills:
 + Level 1.0 Fighting
 + Level 6.5 Dodging
 + Level 5.9 Stealth
 + Level 18.5 Spellcasting
 + Level 1.6 Transmutations
 + Level 16.3 Earth Magic


You had 31 spell levels left.
You knew the following spells:

 Your Spells              Type           Power      Damage    Failure   Level
a - Sandblast             Erth           100%       2d20      0%          1
b - Freeze                Ice            88%        1d10      1%          1
c - Stone Arrow           Conj/Erth      100%       3d13      1%          3
d - Lee's Rapid Deconstr  Erth           39%        3d20*     1%          5
e - Petrify               Tmut/Erth      60%        N/A       1%          4

Your spell library contained the following spells:

 Spells                   Type           Power      Damage    Failure   Level
 Ozocubu's Refrigeration  Ice            11%        4d7       98%         7
 Passwall                 Tmut/Erth      50%        N/A       1%          2


Dungeon Overview and Level Annotations

Branches:
Dungeon (1/1)

Altars:
Ashenzari
Cheibriados
Dithmenos
Elyvilon
Fedhas
Gozag
Hepliaklqana
Kikubaaqudgha
Makhleb
Nemelex Xobeh
Okawaru
Qazlal
Ru
Sif Muna
Trog
Uskayaw
Vehumet
Wu Jian
Xom
Yredelemnul
Zin
The Shining One
Beogh
Jiyva
Lugonu


Message History

Casting: Lee's Rapid Deconstruction (safe; 1% risk of failure)
Confirm with . or Enter, or press ? or * to list all spells.
Aiming: Sandblast (safe; 0% risk of failure)
Press: ? - help, Shift-Dir - straight line, f/p - orc knight
Aim: an orc knight, wielding a +0 great sword and wearing a +0 plate armour (severely wounded, petrified, 100% to hit)
The blast of sand hits the orc knight but does no damage.
The orc knight is severely wounded.
Unknown command.
Casting: Sandblast (safe; 0% risk of failure)
Confirm with . or Enter, or press ? or * to list all spells.
Aiming: Sandblast (safe; 0% risk of failure)
Press: ? - help, Shift-Dir - straight line, f/p - orc knight
Aim: an orc knight, wielding a +0 great sword and wearing a +0 plate armour (severely wounded, petrified, 100% to hit)
The blast of sand hits the orc knight!
The orc knight is almost dead.
Unknown command.
Unknown command.
Casting: Sandblast (safe; 0% risk of failure)
Confirm with . or Enter, or press ? or * to list all spells.
Aiming: Sandblast (safe; 0% risk of failure)
Press: ? - help, Shift-Dir - straight line, f/p - orc knight
Aim: an orc knight, wielding a +0 great sword and wearing a +0 plate armour (almost dead, petrified, 100% to hit)
The blast of sand hits the orc knight!
The orc knight is almost dead.
Unknown command.
Unknown command.
You aren't carrying any items that you can evoke.
Unknown command.
The orc knight is no longer petrified.
There is an open door here.
You see here a +0 hand axe.
Casting: Sandblast (safe; 0% risk of failure)
Confirm with . or Enter, or press ? or * to list all spells.
Aiming: Sandblast (safe; 0% risk of failure)
Press: ? - help, Shift-Dir - straight line, f/p - orc knight
Aim: an orc knight, wielding a +0 great sword and wearing a +0 plate armour (almost dead, 84% to hit)
The blast of sand hits the orc knight!
The orc knight is almost dead.
The orc knight hits you with a +0 great sword!
You die...

#'#####'#####.....
#.#..#...'.##.....
#.#..#)..#.#####'#
#.#.†#####.##.....
#.#..'...#)##.....
#.#..'..÷'.##.....
#.#.)########...<.
#o#..'.)))[##.....
#@#..#.)))[##.....
#'###########.....
#.)#.#.##÷.#######
#.......#)########
##.#.#.##)#....#..
#.)...).#'#....#..
##.#.#.##.†....'..
#..)..).#'#....#..
##.#.#..')#....#..


You could see an orc knight.

Vanquished Creatures
  A phantasmal warrior (D)
  A smoke demon (D)
  A freezing wraith (D)
  A kobold demonologist (D)
  A troll (D)
  A tarantella (D)
  A steam dragon (D)
  A fire elemental (D)
  A vampire mosquito (D)
  An acid dragon (D)
  Edmund (D)
  2 floating eyes (D)
  Duvessa (D)
  3 orc warriors (D)
  An ogre (D)
  3 wolves (D)
  A centaur (D)
  A kobold brigand (D)
  A scorpion (D)
  Dowan (D)
  A quasit (D)
  A hound (D)
  2 orc wizards (D)
  A mummy (D)
  A gnoll (D)
  An adder (D)
  An adder simulacrum (D)
  6 orcs (D)
  2 bats (D)
  A giant cockroach (D)
  A goblin (D)
  3 jackals (D)
  A ball python skeleton (D)
  A frilled lizard (D)
  4 kobolds (D)
52 creatures vanquished.

Vanquished Creatures (others)
  A jelly (D)
1 creature vanquished.

Grand Total: 53 creatures vanquished

Notes
Turn   | Place    | Note
-------+----------+-------------------------------------------
     0 | D        | mhtbhm the Deep Elf Earth Elementalist began the quest for
                  | the Orb.
     0 | D        | Reached XP level 1. HP: 10/10 MP: 6/6
     8 | D        | Noticed a floating eye
    10 | D        | Killed a floating eye
    11 | D        | Reached skill level 6 in Spellcasting
    11 | D        | Reached XP level 2. HP: 15/15 MP: 4/11
    11 | D        | Reached XP level 3. HP: 19/19 MP: 4/12
    11 | D        | Reached XP level 4. HP: 24/24 MP: 4/14
    16 | D        | Found a bloodstained altar of Trog.
    16 | D        | Found a shimmering blue altar of Sif Muna.
    16 | D        | Found a viscous altar of Jiyva.
    16 | D        | Found a hazy altar of Hepliaklqana.
    16 | D        | Found an opulent altar of Gozag.
    17 | D        | Found a glowing golden altar of the Shining One.
    17 | D        | Found a glowing silver altar of Zin.
    17 | D        | Found a basalt altar of Yredelemnul.
    17 | D        | Found a shimmering altar of Xom.
    17 | D        | Found an ornate altar of the Wu Jian Council.
    17 | D        | Found a sacrificial altar of Ru.
    17 | D        | Found a stormy altar of Qazlal.
    17 | D        | Found an iron altar of Okawaru.
    17 | D        | Found a sparkling altar of Nemelex Xobeh.
    17 | D        | Found a burning altar of Makhleb.
    17 | D        | Found a blossoming altar of Fedhas.
    17 | D        | Found a white marble altar of Elyvilon.
    17 | D        | Found a shadowy altar of Dithmenos.
    17 | D        | Found a snail-covered altar of Cheibriados.
    19 | D        | Found a radiant altar of Vehumet.
    19 | D        | Found a corrupted altar of Lugonu.
    20 | D        | Found a hide-covered altar of Uskayaw.
    20 | D        | Found an ancient bone altar of Kikubaaqudgha.
    20 | D        | Found a broken altar of Ashenzari.
    27 | D        | Became a worshipper of Vehumet
   124 | D        | Noticed a scorpion
   127 | D        | Killed a scorpion
   128 | D        | Reached skill level 5 in Dodging
   128 | D        | Reached skill level 7 in Spellcasting
   128 | D        | Reached XP level 5. HP: 18/28 MP: 10/16
   364 | D        | Reached * piety under Vehumet
   364 | D        | Offered knowledge of Foxfire by Vehumet.
   372 | D        | Reached ** piety under Vehumet
   602 | D        | Noticed a floating eye
   604 | D        | Killed a floating eye
   604 | D        | Offered knowledge of Freeze by Vehumet.
   605 | D        | Reached skill level 5 in Stealth
   605 | D        | Reached skill level 8 in Spellcasting
   605 | D        | Reached skill level 10 in Earth Magic
   605 | D        | Reached XP level 6. HP: 32/32 MP: 16/19
   607 | D        | Reached *** piety under Vehumet
   663 | D        | Learned a level 1 spell: Freeze
   667 | D        | Learned a level 3 spell: Stone Arrow
   673 | D        | Learned a level 5 spell: Lee's Rapid Deconstruction
   678 | D        | Learned a level 4 spell: Petrify
   679 | D        | Offered knowledge of Searing Ray by Vehumet.
   679 | D        | Noticed Dowan
   679 | D        | Noticed Duvessa
   680 | D        | Killed Dowan
   680 | D        | Reached **** piety under Vehumet
   680 | D        | Noticed Edmund
   681 | D        | Reached skill level 9 in Spellcasting
   681 | D        | Killed Duvessa
   682 | D        | Reached skill level 10 in Spellcasting
   685 | D        | Killed Edmund
   686 | D        | Reached skill level 11 in Spellcasting
   686 | D        | Reached XP level 7. HP: 36/36 MP: 5/23
   871 | D        | Offered knowledge of Hailstorm by Vehumet.
   871 | D        | Reached ***** piety under Vehumet
   895 | D        | Noticed a vampire mosquito
   896 | D        | Killed a vampire mosquito
   897 | D        | Reached skill level 12 in Spellcasting
   958 | D        | Noticed a troll
   958 | D        | Noticed a smoke demon
   963 | D        | Killed a smoke demon
   964 | D        | Reached skill level 13 in Spellcasting
   964 | D        | Reached XP level 8. HP: 41/41 MP: 17/27
   965 | D        | Killed a troll
   966 | D        | Reached skill level 14 in Spellcasting
  1201 | D        | Offered knowledge of Bolt of Magma by Vehumet.
  1201 | D        | Reached ****** piety under Vehumet
  1205 | D        | Reached skill level 15 in Spellcasting
  1212 | D        | Noticed a kobold demonologist
  1213 | D        | Killed a kobold demonologist
  1214 | D        | Reached skill level 16 in Spellcasting
  1214 | D        | Reached XP level 9. HP: 45/45 MP: 6/31
  1232 | D        | Reached skill level 15 in Earth Magic
  1236 | D        | Noticed a freezing wraith
  1284 | D        | Killed a freezing wraith
  1285 | D        | Reached skill level 17 in Spellcasting
  1577 | D        | Offered knowledge of Ozocubu's Refrigeration by Vehumet.
  1583 | D        | Noticed a phantasmal warrior
  1586 | D        | Killed a phantasmal warrior
  1587 | D        | Reached skill level 1 in Fighting
  1587 | D        | Reached skill level 18 in Spellcasting
  1752 | D        | Noticed an orc knight
  1800 | D        | Mangled by an orc knight

Illustrated notes

Levels and vault maps discovered:
D:        pitsprint [storerooms_1, entrance_room_1, metal_vault_5, armoury_2,
          mini_pit_1, grid_room_1, main_hall_1, silver_pit, the_coven_3,
          the_vestibule_1, steel_vault_3, golden_pit, hallway_of_sentries,
          crystal_vault_5, iron_vault_1, final_vault]

Skill      XL: |  1  2  3  4  5  6  7  8  9 |
---------------+----------------------------+-----
Dodging        | 4 5 6 |  6.5
Stealth        | 4 5 |  5.9
Spellcasting   | 6 7 8 11 13 16 18 | 18.5
Earth Magic    | 8 9 10 12 13 14 16 | 16.3
Fighting       | 1 |  1.0
Transmutations | |  1.6

Action                   |  1- 3 |  4- 6 |  7- 9 || total
-------------------------+-------+-------+-------++-------
 Cast: Sandblast         |     2 |    14 |    13 ||    29
       Lee's Rapid Decon |       |     4 |    35 ||    39
       Petrify           |       |       |     2 ||     2
  Use: Potion            |       |     1 |     4 ||     5
Armor: Robe              |       |     1 |     1 ||     2
Dodge: Dodged            |       |     3 |    10 ||    13

Table legend: (Time is in decaauts)
 A = Elapsed time spent in this place.
 B = Non-inter-level travel time spent in this place.
 C = Inter-level travel time spent in this place.
 D = Time resting spent in this place.
 E = Time spent auto-exploring this place.
 F = Levels seen in this place.
 G = Mean time per level.
                   A        B        C        D        E       F      G
               +--------+--------+--------+--------+--------+-----+--------+
         Total |   1807 |   1807 |      0 |   1256 |    122 |   1 | 1807.0 |
       Dungeon |   1807 |   1807 |      0 |   1256 |    122 |   1 | 1807.0 |
               +--------+--------+--------+--------+--------+-----+--------+

Top non-repeatable levels by time:
       D: 1807 daAuts
